 Dungeon Crawl Stone Soup version 0.27-a0-597-g524d869a0f (webtiles) character file.

Game seed: 13840834068023270089

986509 porpoise the Slayer (level 27, -2/242 HPs)
             Began as a Minotaur Monk on Mar 10, 2021.
             Was the Champion of the Shining One.
             Engulfed by Gloorx Vloq's foul pestilence (17 damage)
             ... in Pandemonium on Mar 12, 2021.
             The game lasted 11:05:24 (98424 turns).

porpoise the Slayer (Minotaur Monk)                Turns: 98424, Time: 11:05:26

Health: -2/242     AC: 49    Str: 36    XL:     27
Magic:  38/38      EV: 21    Int:  9    God:    the Shining One [******]
Gold:   6817       SH: 39    Dex: 20    Spells: 36/46 levels left

rFire    + + +     SeeInvis .   a - +9 eveningstar (holy)
rCold    + . .     Faith    .   K - +10 tower shield "Zuihaog" {rF+ Str+7}
rNeg     + + +     Spirit   .   r - +12 gold dragon scales
rPois    +         Reflect  .   z - +2 hat
rElec    +         Harm     .   O - +2 cloak {Will+}
rCorr    +         Rampage  .   Z - +1 pair of gloves "Tyucsyl" {rPois rCorr Str+5}
Will     ++++.                  S - +2 pair of boots {Fly}
Stlth    ..........             M - amulet of regeneration
HPRegen  1.50/turn              F - ring "Huryme" {rElec rF+ rN+ Will+ rCorr}
MPRegen  0.26/turn              e - +4 ring of slaying

@: lethally poisoned (-2 -> -16), about to teleport, flying, slowed, glowing,
studying 3 skills, very slow
A: horns 2, thin skeletal structure 1, agile 1, blurry vision 1, frail 1,
mutation resistance 1, retaliatory headbutt
}: 7/15 runes: serpentine, barnacled, slimy, silver, abyssal, magical, fiery
a: Stop Flying, Renounce Religion, Divine Shield, Cleansing Flame, Summon Divine
Warrior


You were in Pandemonium.
You worshipped the Shining One.
The Shining One was exalted by your worship.
You visited 13 branches of the dungeon, and saw 58 of its levels.
You visited Pandemonium 1 time, and saw 16 of its levels.
You visited the Abyss 1 time.
You also visited: Sewer, Gauntlet, Ice Cave and Wizlab.

You collected 12782 gold pieces.
You spent 5965 gold pieces at shops.

Inventory:

Hand Weapons
 a - a +9 eveningstar of holy wrath (weapon)
 b - a +9 hand crossbow of flaming
 w - the +10 dark maul {vorpal}
   (You took it off a deep elf high priest on level 5 of the Vaults)

   It inflicts extra damage upon your enemies.
 x - the +6 fustibalus of Ziec Ineqant {freeze, rElec Will+}
   (You found it in Pandemonium)

   It causes projectiles fired from it to freeze those they strike, causing
   extra injury to most foes and up to half again as much damage against
   particularly susceptible opponents.
   They can also slow down cold-blooded creatures.
   It insulates you from electricity.
   It affects your willpower, your defense against some magical effects.
Missiles
 l - 85 silver javelins
 u - 1119 bolts
 I - 49 sling bullets
 U - 12 curare-tipped darts (quivered)
 X - a throwing net
Armour
 r - +12 gold dragon scales (worn)
 z - a +2 hat (worn)
 K - the +10 tower shield "Zuihaog" (worn) {rF+ Str+7}
   (You took it off Louise on level 3 of the Snake Pit)

   It affects your strength (+7).
   It protects you from fire.
 O - a +2 cloak of willpower (worn)
 S - a +2 pair of boots of flying (worn)
 Z - the +1 pair of gloves "Tyucsyl" (worn) {rPois rCorr Str+5}
   (You found it on level 1 of the Vaults)

   It affects your strength (+5).
   It protects you from poison.
   It provides partial protection from all sources of acid and corrosion.
Jewellery
 e - a +4 ring of slaying (left hand)
 F - the ring "Huryme" (right hand) {rElec rF+ rN+ Will+ rCorr}
   (You found it on level 4 of the Depths)

   [ring of resist corrosion]

   It protects you from fire.
   It insulates you from electricity.
   It protects you from negative energy.
   It affects your willpower, your defense against some magical effects.
   It provides partial protection from all sources of acid and corrosion.
 M - an amulet of regeneration (around neck)
 P - the amulet "Iblunkaa" {Acrobat rF+}
   (You found it in Pandemonium)

   [amulet of the acrobat]

   It helps you evade while moving and waiting.
   It protects you from fire.
Wands
 q - a wand of digging (27)
 v - a wand of flame (44)
 A - a wand of acid (81)
 C - a wand of mindburst (11)
 D - a wand of iceblast (60)
 G - a wand of paralysis (18)
 T - a wand of charming (34)
Scrolls
 c - 11 scrolls of vulnerability
 d - 4 scrolls of holy word
 f - 9 scrolls of magic mapping
 g - 6 scrolls of blinking
 h - 26 scrolls of teleportation
 p - 11 scrolls of fog
 E - 21 scrolls of fear
 L - 6 scrolls of summoning
 R - 47 scrolls of identify
 W - 5 scrolls of silence
Potions
 i - 11 potions of heal wounds
 j - 6 potions of haste
 k - 4 potions of cancellation
 m - 8 potions of might
 n - 6 potions of magic
 o - 11 potions of lignification
 t - 34 potions of curing
 y - a potion of mutation
 N - 14 potions of attraction
 Q - 3 potions of ambrosia
 V - 5 potions of resistance
Miscellaneous
 s - a phial of floods
 B - a phantom mirror
 H - a lightning rod (4/4)
 J - a box of beasts
 Y - a tin of tremorstones (2/2)


   Skills:
 - Level 26.0 Fighting
 - Level 20.0 Maces & Flails
 - Level 10.0 Crossbows
 - Level 9.0 Throwing
 - Level 22.0 Armour
 - Level 22.0 Dodging
 - Level 1.5 Stealth
 - Level 25.0 Shields
 - Level 10.0 Spellcasting
 - Level 13.0 Hexes
 - Level 12.0 Translocations
 - Level 24.0 Invocations
 + Level 17.8 Evocations


You had 36 spell levels left.
You knew the following spells:

 Your Spells              Type           Power      Damage    Failure   Level
a - Apportation           Tloc           52%        N/A       1%          1
k - Blink                 Tloc           N/A        N/A       1%          2
m - Manifold Assault      Tloc           26%        N/A       6%          4
p - Portal Projectile     Hex/Tloc       54%        N/A       1%          3

Your spell library contained the following spells:

 Spells                   Type           Power      Damage    Failure   Level
 Corona                   Hex            30%        N/A       1%          1
 Slow                     Hex            27%        N/A       1%          2
 Confusing Touch          Hex            27%        N/A       1%          3
 Gell's Gravitas          Tloc           13%        N/A       1%          3
 Cause Fear               Hex            13%        N/A       4%          4
 Passage of Golubria      Tloc           N/A        N/A       6%          4
 Ensorcelled Hibernation  Hex/Ice        32%        N/A       9%          2
 Dazzling Flash           Conj/Hex       32%        N/A       19%         3
 Inner Flame              Hex/Fire       16%        N/A       19%         3
 Summon Guardian Golem    Hex/Summ       16%        N/A       19%         3
 Fulminant Prism          Conj/Hex       8%         3d7       52%         4
 Leda's Liquefaction      Hex/Erth       8%         N/A       52%         4
 Invisibility             Hex            27%        N/A       54%         6
 Iskenderun's Mystic Bla  Conj/Tloc      15%        2d5       58%         4
 Animate Skeleton         Necr           8%         N/A       65%         1
 Beastly Appendage        Tmut           8%         N/A       65%         1
 Foxfire                  Conj/Fire      16%        2x1d4     65%         1
 Freeze                   Ice            16%        1d4       65%         1
 Magic Dart               Conj           16%        1d3       65%         1
 Pain                     Necr           16%        1d4       65%         1
 Shock                    Conj/Air       16%        1d4       65%         1
 Sting                    Tmut/Pois      16%        1d3       65%         1
 Summon Small Mammal      Summ           16%        N/A       65%         1
 Dispersal                Tloc           13%        N/A       67%         6
 Call Imp                 Summ           4%         N/A       78%         2
 Corpse Rot               Necr/Air       N/A        N/A       78%         2
 Passwall                 Tmut/Erth      3%         N/A       78%         2
 Poisonous Vapours        Pois/Air       8%         N/A       78%         2
 Searing Ray              Conj           8%         3d3       78%         2
 Sublimation of Blood     Necr           2%         N/A       78%         2
 Swiftness                Air            4%         N/A       78%         2
 Wereblood                Tmut           4%         N/A       78%         2
 Metabolic Englaciation   Hex/Ice        8%         N/A       86%         5
 Silence                  Hex/Air        8%         N/A       86%         5
 Summon Mana Viper        Hex/Summ       16%        N/A       86%         5
 Yara's Violent Unravell  Hex/Tmut       8%         3d5       86%         5
 Summon Forest            Summ/Tloc      7%         N/A       90%         5
 Call Canine Familiar     Summ           4%         N/A       95%         3
 Conjure Flame            Conj/Fire      4%         6-21      95%         3
 Frozen Ramparts          Ice            8%         1d2       95%         3
 Ignite Poison            Fire/Tmut/Pois 4%         N/A       95%         3
 Mephitic Cloud           Conj/Pois/Air  4%         N/A       95%         3
 Ozocubu's Armour         Ice            4%         N/A       95%         3
 Spider Form              Tmut/Pois      2%         N/A       95%         3
 Static Discharge         Conj/Air       4%         N/A       95%         3
 Vampiric Draining        Necr           2%         2d6       95%         3
 Airstrike                Air            2%         N/A       100%        4
 Animate Dead             Necr           2%         N/A       100%        4
 Dispel Undead            Necr           4%         3d7       100%        4
 Hailstorm                Conj/Ice       4%         3d4       100%        4
 Ice Form                 Ice/Tmut       4%         N/A       100%        4
 Olgreb's Toxic Radiance  Pois           4%         N/A       100%        4
 Petrify                  Tmut/Erth      4%         N/A       100%        4
 Sticky Flame             Conj/Fire      4%         2d3       100%        4
 Summon Ice Beast         Ice/Summ       4%         N/A       100%        4
 Summon Lightning Spire   Summ/Air       4%         N/A       100%        4
 Agony                    Necr           4%         N/A       100%        5
 Alistair's Intoxication  Tmut/Pois      2%         N/A       100%        5
 Blade Hands              Tmut           2%         N/A       100%        5
 Bolt of Magma            Conj/Fire/Erth 2%         4d4       100%        5
 Borgnjor's Vile Clutch   Necr/Erth      2%         N/A       100%        5
 Excruciating Wounds      Necr           2%         N/A       100%        5
 Fireball                 Conj/Fire      2%         3d4       100%        5
 Irradiate                Conj/Tmut      2%         3d14      100%        5
 Iskenderun's Battlesphe  Conj           4%         2d6       100%        5
 Lee's Rapid Deconstruct  Erth           2%         3d5*      100%        5
 Lightning Bolt           Conj/Air       2%         1d13      100%        5
 Conjure Ball Lightning   Conj/Air       2%         3x3d6     100%        6
 Death Channel            Necr           2%         N/A       100%        6
 Eringya's Noxious Bog    Tmut/Pois      2%         N/A       100%        6
 Freezing Cloud           Conj/Ice/Air   2%         6-21      100%        6
 Hydra Form               Tmut           2%         N/A       100%        6
 Iron Shot                Conj/Erth      2%         9d2       100%        6
 Shadow Creatures         Summ           N/A        N/A       100%        6
 Simulacrum               Ice/Necr       2%         N/A       100%        6
 Starburst                Conj/Fire      2%         8x6d3     100%        6
 Statue Form              Tmut/Erth      2%         N/A       100%        6
 Dragon Form              Tmut           2%         N/A       100%        7
 Orb of Destruction       Conj           2%         9d1       100%        7
 Spellforged Servitor     Conj/Summ      2%         N/A       100%        7
 Summon Hydra             Summ           2%         N/A       100%        7
 Discord                  Hex            13%        N/A       100%        8
 Disjunction              Tloc           13%        N/A       100%        8
 Dragon's Call            Summ           2%         N/A       100%        9
 Tornado                  Air            2%         N/A       100%        9


Dungeon Overview and Level Annotations

Branches:
Dungeon (15/15)            Temple (1/1) D:5            Lair (6/6) D:11
 Shoals (4/4) Lair:3        Snake (4/4) Lair:4        Slime (5/5) Lair:5
    Orc (2/2) D:12            Elf (3/3) Orc:2        Vaults (5/5) D:14
  Crypt (3/3) Vaults:2     Depths (5/5) D:15           Hell (visited)
    Dis (0/7) Hell            Geh (0/7) Hell            Tar (0/7) Hell
    Zot (4/5) Depths:5      Sewer (visited)           IceCv (visited)
 WizLab (visited)         Gauntlet (visited)
   Tomb: Crypt:3        Coc: Hell:1

Altars:
Ashenzari
Cheibriados
Dithmenos
Elyvilon
Fedhas
Gozag
Hepliaklqana
Kikubaaqudgha
Makhleb
Nemelex Xobeh
Okawaru
Qazlal
Ru
Sif Muna
Trog
Uskayaw
Vehumet
Wu Jian
Xom
Yredelemnul
Zin
The Shining One
Beogh
Lugonu

Shops:
D:10 =   D:14 ?   Orc:1 (?([   Orc:2 (*[(   Elf:1 [(   Elf:2 =   Shoals:3 (!
Snake:4 *   Vaults:1 (   Vaults:2 [   Depths:1 =:=   Depths:3 (   Depths:4 [[(

Portals:
Hell: Depths:1 Depths:2 Depths:3 Depths:4 Depths:5
Abyss: D:14 Depths:1 Depths:3 Depths:4
Pandemonium: Depths:2 Depths:3 Depths:4
Ziggurat: Depths:3

Annotations:
D:12 mini hellion island
Depths:5 1 runed translucent door
Hell exclusion: 2 ice statues
Pan Gloorx Vloq


Innate Abilities, Weirdness & Mutations

You have a pair of horns on your head.
You reflexively headbutt those who attack you in melee.
You have a somewhat thin skeletal structure. (Dex +2, Stealth)
You are agile. (Dex +2)
Scrolls take you a little longer to read.
You are frail. (-10% HP)
You are somewhat resistant to further mutation.


Message History

Gloorx Vloq hits you.
* * * LOW HITPOINT WARNING * * *
You block the Executioner's attack.
The Executioner hits you but does no damage. x2
The Executioner misses you. You furiously retaliate!
You headbutt the Executioner. The Executioner completely misses you.
You block the Executioner's attack.
The phantasmal warrior blinks!
The curse skull rattles its jaw.
Gloorx Vloq gestures at you.
The foul vapour engulfs you but does no damage.
The Executioner misses you. The Executioner closely misses you.
The Executioner hits you.
* * * LOW HITPOINT WARNING * * *
The Executioner hits you!
* * * LOW HITPOINT WARNING * * *
The Executioner barely misses you. You block the Executioner's attack.
Really read with blurry vision while enemies are nearby? [Y]es or [N]o only, please.
Really read with blurry vision while enemies are nearby? [Y]es or [N]o only, please.
Really read with blurry vision while enemies are nearby? [Y]es or [N]o only, please.
Really read with blurry vision while enemies are nearby?
Okay, then.
Unknown command.
Unknown command.
Really read with blurry vision while enemies are nearby?
You are engulfed in dark miasma.
You are more poisoned.
* * * LOW HITPOINT WARNING * * *
x2 You feel very sick.
You block Gloorx Vloq's attack.
The phantasmal warrior blinks!
The Executioner gestures.
The Executioner seems to speed up.
You block the Executioner's attack. The Executioner closely misses you.
The Executioner hits you but does no damage.
The curse skull rattles its jaw.
You begin reading the scroll.
You continue reading the scroll.
You are engulfed in dark miasma.
You feel as though you will be slow longer.
You die...

#####################
#............°.§.....
#...#.#.#.#.#°#1#.#.#.#
#...........W°@1.......
#...#.#########&#######
#.....# .......WzW...#
..#...#.#..####..(####..#
..#.....#.# (..(V.
..#...#.'.# .###.##
..#.....#.#( ..
..#...#.#.# .. ..#.....#
#


Wz. You could see Gloorx Vloq, 2 Executioners, a flayed ghost (summoned), a
shadow wraith (invisible), a curse skull, a phantasmal warrior (summoned) and a
vampire (summoned).

Vanquished Creatures
  Cerebov (Pan)
  the Royal Jelly (Slime:5)
  3 ancient liches
  3 dread liches
  An orb of fire (Zot:2)
  The ghost of Angmar the Cloud Mage, a veteran DrAE of Vehumet (Vaults:3)
  The ghost of astronautguy the Petrodigitator, a master FoEE of Vehumet (Vaults:3)
  The ghost of garrulousMonolith the Messiah, a master HOFi of Beogh (Zot:1)
  Bai Suzhen (Vaults:4)
  Boris (Depths:4)
  A Killer Klown (Zot:2)
  Saint Roka (Vaults:1)
  A curse toe (Zot:2)
  8 golden dragons
  A caustic shrike (Depths:3)
  Nikola (Shoals:1)
  The ghost of Droegar the Slayer, an adept MiBe of Trog (Vaults:2)
  Geryon (Hell)
  The ghost of HilariousDeathArtist the Champion of Chaos, an adept CeWn of Makhleb (Vaults:3)
  5 bone dragons (Abyss:3)
  3 profane servitors
  Jory (Vaults:2)
  8 Brimstone Fiends (Pan)
  An iron giant (Zot:2)
  6 Tzitzimimeh (Pan)
  An electric golem (Zot:2)
  2 Ice Fiends (Pan)
  A Cloud Mage (WizLab)
  7 tentacled monstrosities
  2 hellephants
  Jorgrun (Shoals:1)
  12 liches
  4 Hell Sentinels
  The ghost of Xeazanigh the Impaler, an adept DsGl of Okawaru (Vaults:3)
  The ghost of siradein the Warrior, an adept DrGl of Wu Jian (Snake:3)
  10 pandemonium lords (Pan)
  9 titans
  7 deep elf blademasters
  12 death cobs
  10 quicksilver dragons
  2 deep elf master archers (Elf:3)
  21 tentacled starspawn
  20 Executioners
  26 acid blobs
  The ghost of Zoudwusmoff the Whirler, an adept HaHu of Okawaru (Depths:5)
  A kraken (Shoals:2)
  2 ancient champions (Crypt:2)
  Kirke (Shoals:3)
  10 storm dragons
  10 shadow dragons
  8 tengu reavers
  Roxanne (Shoals:2)
  5 sphinxes
  A thorn hunter (Abyss:3)
  Donald (Orc:2)
  The ghost of Foof the Eternal Night, an adept DsGl of Dithmenos (Elf:2)
  12 draconian monks
  The ghost of Kipt the Spry, an adept SpFE of Dithmenos (Vaults:3)
  A shadow dragon (shapeshifter) (Vaults:4)
  A daeva (Abyss:3)
  2 revenants
  4 fire giants
  12 azure jellies
  6 nagarajas (Snake:4)
  7 deep elf sorcerers
  5 draconian knights
  14 warmongers (Pan)
  3 iron dragons
  Louise (Snake:3)
  15 cacodemons
  8 draconian scorchers
  8 frost giants
  Aizul (Snake:2)
  33 balrugs
  9 draconian annihilators
  8 deep elf elementalists
  2 ghouls (Crypt:1)
  5 angels (Abyss:3)
  11 vault wardens
  5 war gargoyles
  A spriggan defender (Depths:4)
  7 draconian shifters
  40 very ugly things
  The ghost of Eteoggu the Protected, a journeyman FoFi of Cheibriados (D:14)
  2 draconian stormcallers
  22 ironheart preservers
  13 reapers
  24 stone giants
  8 corrupters (Pan)
  4 vampire knights
  117 starcursed masses
  8 black suns (Pan)
  8 blood saints (Pan)
  4 dire elephants (Abyss:3)
  5 green draconians
  16 lorocyprocas
  6 deep elf demonologists
  12 yellow draconians
  7 black draconians
  7 purple draconians
  2 entropy weavers
  15 deep elf annihilators
  2 spark wasps (WizLab)
  A minotaur (Gauntlet)
  Azrael (D:13)
  9 red draconians
  9 white draconians
  2 eidola
  14 ettins
  Josephine (D:12)
  10 death oozes (Slime:5)
  20 blizzard demons
  The ghost of Fan Mut the Blocker, a journeyman GnFi of Uskayaw (Lair:2)
  12 deep elf death magi
  7 merfolk javelineers (Shoals:4)
  A spectral quicksilver dragon (Zot:1)
  A crystal guardian (D:14)
  8 merfolk impalers
  19 fire dragons
  Fannar (Lair:2)
  21 green deaths
  6 deep elf high priests
  5 jiangshi (Crypt:2)
  2 shambling mangroves (Abyss:3)
  8 yaktaur captains
  15 great orbs of eyes
  13 monstrous demonspawn (Pan)
  14 boulder beetles
  21 ice dragons
  22 rakshasas
  31 vault guards
  5 centaur warriors
  3 alligator snapping turtles
  13 naga warriors
  A merfolk avatar (Shoals:4)
  A catoblepas (shapeshifter) (Vaults:5)
  5 spriggan air magi
  A fenstrider witch skeleton (Crypt:2)
  13 ogre magi
  An anaconda (shapeshifter) (Vaults:5)
  2 juggernaut simulacra (Depths:5)
  4 ghost crabs (WizLab)
  12 anacondas
  11 hydras
  A boulder beetle (shapeshifter) (Abyss:3)
  A merfolk aquamancer (Shoals:4)
  6 death knights
  7 hell beasts
  35 dancing weapons
  15 deep troll shamans
  27 two-headed ogres
  2 satyrs
  A queen ant (shapeshifter) (Vaults:4)
  38 thrashing horrors
  A two-headed ogre (shapeshifter) (Vaults:2)
  9 deep troll earth magi
  6 tengu warriors
  13 hell hogs
  3 titan zombies
  5 orc high priests (Orc:2)
  10 shock serpents
  15 naga sharpshooters
  10 hell knights
  10 vampire magi
  2 death scarabs (Gauntlet)
  A storm dragon zombie (Abyss:3)
  41 soul eaters
  Urug (Orc:1)
  82 sun demons
  A titan skeleton (Crypt:3)
  4 spriggan berserkers
  An iron troll (Depths:1)
  Sonja (D:12)
  22 wretched stars (Abyss:3)
  30 sixfirhies
  23 deep elf knights
  Nergalle (D:11)
  8 salamander mystics
  6 shadow wraiths
  35 skeletal warriors
  3 death drakes (WizLab)
  11 spatial maelstroms (Abyss:3)
  An unseen horror (shapeshifter) (D:13)
  8 infernal demonspawn (Pan)
  A spectral death yak (Gauntlet)
  A quicksilver dragon simulacrum (Abyss:3)
  6 naga ritualists
  17 torturous demonspawn
  The ghost of avis the Martial Artist, a novice DgTm (D:8)
  11 unseen horrors
  An anaconda zombie (Hell)
  A fire crab (shapeshifter) (Vaults:1)
  20 deep trolls
  6 glowing orange brains
  13 shadow demons (Pan)
  A storm dragon skeleton (Vaults:2)
  A spectral hydra (Gauntlet)
  13 deep elf archers
  A swamp dragon (shapeshifter) (Vaults:4)
  11 sea snakes
  9 wizards
  5 lindwurms
  A harpy (shapeshifter) (Vaults:3)
  4 flayed ghosts
  10 gelid demonspawn (Pan)
  18 ironbrand convokers
  16 necromancers
  A wolf spider zombie (Crypt:3)
  16 harpies
  28 deep elf pyromancers
  7 phantasmal warriors
  25 deep elf zephyrmancers
  2 bog bodies (Crypt:1)
  14 mana vipers
  An anaconda skeleton (Hell)
  An orb spider (Abyss:3)
  17 orc knights
  2 mana vipers (shapeshifter)
  12 worldbinders (Abyss:3)
  4 orc sorcerers
  An orb spider (shapeshifter) (Vaults:2)
  A goliath frog skeleton (Crypt:1)
  2 wolf spiders (Vaults:4)
  An iron dragon zombie (Crypt:3)
  A shining eye (shapeshifter) (Abyss:3)
  5 oklob plants
  A frost giant zombie (Vaults:4)
  8 manticores
  9 shining eyes
  2 stone giant zombies
  3 will-o-the-wisps (Abyss:3)
  59 ugly things
  A tengu skeleton (Vaults:5)
  A fire giant zombie (Vaults:4)
  13 elephants
  A cyclops (shapeshifter) (Depths:4)
  An ice statue (IceCv)
  7 cyclopes
  A manticore (shapeshifter) (Abyss:3)
  A moth of wrath (shapeshifter) (Vaults:1)
  16 salamanders
  2 fire giant skeletons
  2 molten gargoyles (D:13)
  Maurice (D:11)
  5 centaur zombies
  35 moths of wrath
  7 rust devils
  8 fauns
  10 guardian serpents
  20 naga magi
  84 smoke demons
  A sphinx skeleton (Vaults:4)
  13 apocalypse crabs
  7 merfolk sirens
  2 frost giant skeletons (Abyss:3)
  A black mamba (shapeshifter) (Vaults:4)
  A water nymph (shapeshifter) (D:15)
  A guardian serpent (shapeshifter) (Vaults:5)
  3 stone giant skeletons
  8 water nymphs
  24 black mambas
  31 orange demons
  8 vault sentinels
  5 eyes of devastation
  5 gargoyles
  A titan simulacrum (Abyss:3)
  4 kobold demonologists
  12 cane toads
  A storm dragon simulacrum (Vaults:3)
  5 hellions
  2 rime drakes
  10 komodo dragons
  7 efreet
  29 demonic crawlers
  26 freezing wraiths
  2 yaktaurs (shapeshifter)
  16 tormentors
  36 yaktaurs
  6 ice devils
  3 tengu conjurers
  44 hellwings
  13 polar bears
  41 red devils
  A hydra zombie (Crypt:3)
  9 trolls
  17 ancient zymes (Abyss:3)
  A wind drake (shapeshifter) (D:14)
  12 wind drakes
  38 merfolk
  Prince Ribbit (D:6)
  A harpy zombie (Crypt:3)
  A jumping spider (shapeshifter) (Vaults:5)
  2 tengu simulacra
  114 slime creatures
  52 raiju (Abyss:3)
  A hydra skeleton (Crypt:2)
  11 hornets
  16 dream sheep
  28 blink frogs
  An alligator zombie (Hell)
  2 fire dragon zombies
  2 ettin zombies
  A guardian serpent skeleton (Crypt:2)
  10 snapping turtles
  2 vampires (Abyss:3)
  31 flying skulls
  10 water elementals
  A human (D:14)
  3 redbacks
  18 wraiths
  A spriggan skeleton (Depths:2)
  A wind drake zombie (Crypt:2)
  13 spriggans (Lair:6)
  5 ettin skeletons
  2 shadows (Abyss:3)
  A tarantella (shapeshifter) (Abyss:3)
  4 wyverns
  46 ynoxinuls
  14 air elementals
  A tarantella (Vaults:2)
  3 yaks (shapeshifter)
  A black mamba skeleton (Pan)
  A dire elephant simulacrum (Abyss:3)
  16 golden eyes
  8 fire elementals
  4 hogs (Shoals:3)
  A human (shapeshifter) (Vaults:3)
  3 fire bats (Abyss:3)
  85 yaks
  119 large abominations
  5 basilisks
  61 chaos spawn
  A hog (shapeshifter) (Vaults:5)
  4 vampire mosquitoes (D:14)
  34 neqoxecs
  2 steam dragons
  A death yak simulacrum (IceCv)
  A warg (shapeshifter) (Vaults:4)
  17 spatial vortices (Abyss:3)
  A spectral cane toad (Gauntlet)
  8 wargs
  A cane toad zombie (Crypt:2)
  15 hell hounds
  3 acid dragons
  41 nagas
  A floating eye (shapeshifter) (Vaults:4)
  11 water moccasins
  A deep troll skeleton (Vaults:2)
  A merfolk skeleton (Crypt:2)
  42 orc warriors
  4 human zombies (Vaults:4)
  16 ice beasts
  6 sky beasts
  5 black bears
  An ettin simulacrum (Vaults:3)
  An ice beast (shapeshifter) (Abyss:3)
  13 eyes of draining
  37 ogres
  A swamp dragon zombie (Crypt:3)
  A tengu (Abyss:3)
  3 necrophages
  28 wolves
  10 human skeletons
  12 boggarts
  17 centaurs
  5 phantoms
  A blink frog skeleton (Crypt:1)
  An orc skeleton (Vaults:2)
  Blork the orc (D:4)
  A fire crab zombie (Crypt:2)
  9 kobold brigands
  21 bullfrogs
  A hog skeleton (Crypt:1)
  4 earth elementals
  A gnoll sergeant (D:10)
  5 scorpions
  A wyvern skeleton (D:13)
  A scorpion (shapeshifter) (D:14)
  8 killer bees
  A raiju zombie (Crypt:1)
  15 wights
  3 howler monkeys
  An electric eel (Lair:3)
  49 small abominations
  5 lava snakes (D:13)
  2 crimson imps (Depths:4)
  6 draconian simulacra (IceCv)
  12 quasits
  A bullfrog zombie (D:12)
  7 hounds
  26 orc priests
  A bullfrog skeleton (D:11)
  7 jellies
  7 centaur skeletons
  13 iron imps
  2 iguanas
  13 orc wizards
  A polar bear simulacrum (IceCv)
  6 troll simulacra (IceCv)
  13 worker ants
  2 spriggan simulacra (IceCv)
  A killer bee zombie (D:8)
  2 wolf simulacra (IceCv)
  A naga zombie (Crypt:1)
  A hound skeleton (D:7)
  A worker ant zombie (D:8)
  8 gnolls
  21 adders
  5 naga simulacra (IceCv)
  4 river rats (Sewer)
  An ogre simulacrum (IceCv)
  4 shadow imps
  23 white imps
  7 ufetubi
  6 oozes
  An iguana zombie (Crypt:1)
  An adder skeleton (D:8)
  5 worms
  A dart slug (D:1)
  5 leopard geckos
  84 orcs
  4 ball pythons
  4 giant cockroaches
  A goblin (D:1)
  11 hobgoblins
  11 jackals
  35 kobolds
  5 quokkas
  6 bats
  8 frilled lizards
  A leopard gecko skeleton (Crypt:1)
  14 rats
  A rat skeleton (Crypt:2)
  7 fire vortices (Pan)
  2 lurking horrors (Abyss:3)
  20 starspawn tentacles (Abyss:3)
  3 tentacles (Shoals:2)
4258 creatures vanquished.

Vanquished Creatures (collateral kills)
  Lom Lobon (Pan)
  A pandemonium lord (Pan)
  A blood saint (Pan)
  2 green deaths (Pan)
  A torturous demonspawn (Pan)
  A gelid demonspawn (Pan)
  A large abomination (Pan)
  3 chaos spawn (Pan)
  A gnoll sergeant (Orc:2)
  2 orc priests (Orc:2)
  2 orcs (Orc:2)
16 creatures vanquished.

Vanquished Creatures (others)
  A pandemonium lord (Pan)
  An eldritch tentacle (Pan)
  A cacodemon (Pan)
  A corrupter (Pan)
  A war gargoyle (Zot:2)
  A stone giant (Vaults:5)
  A spark wasp (shapeshifter) (Vaults:5)
  3 blizzard demons
  A ghost crab (WizLab)
  A spriggan air mage (WizLab)
  A deep troll shaman (Depths:5)
  A shock serpent (WizLab)
  A soul eater (Pan)
  A wretched star (Abyss:3)
  A sun demon (Pan)
  A death drake (WizLab)
  An unseen horror (shapeshifter) (Abyss:3)
  An infernal demonspawn (Pan)
  A gelid demonspawn (Pan)
  A shadow demon (Pan)
  2 apocalypse crabs (WizLab)
  A moth of wrath (Zot:4)
  3 smoke demons (Pan)
  A hellwing (Pan)
  2 hornets (Abyss:3)
  A ynoxinul (Pan)
  A small abomination (Abyss:3)
  A naga (Snake:4)
  A warg (Orc:2)
  A large abomination (Pan)
  An ogre (Orc:2)
  An orc (D:13)
  23 ball lightnings (Pan)
  8 foxfires (Abyss:3)
  76 fungi
  5 lurking horrors (Abyss:3)
  113 plants
  29 starspawn tentacles (Abyss:3)
  7 tentacles (Shoals:2)
  18 withered plants (Gauntlet)
317 creatures vanquished.

Grand Total: 4591 creatures vanquished

Notes
Turn   | Place    | Note
-------+----------+-------------------------------------------
     0 | D:1      | porpoise the Minotaur Monk began the quest for the Orb.
     0 | D:1      | Reached XP level 1. HP: 19/19 MP: 0/0
   510 | D:1      | Reached skill level 4 in Fighting
   510 | D:1      | Reached XP level 2. HP: 27/27 MP: 1/1
  1164 | D:1      | Reached XP level 3. HP: 30/34 MP: 2/2
  1883 | D:2      | Reached XP level 4. HP: 41/41 MP: 3/3
  1998 | D:2      | Reached skill level 5 in Fighting
  1998 | D:2      | Reached skill level 5 in Maces & Flails
  2387 | D:3      | Reached XP level 5. HP: 44/48 MP: 4/4
  3014 | D:3      | Found a white marble altar of Elyvilon.
  3400 | D:4      | Noticed Blork the orc
  3417 | D:4      | Killed Blork the orc
  3418 | D:4      | Reached skill level 6 in Fighting
  3419 | D:4      | Reached XP level 6. HP: 24/58 MP: 5/5
  3989 | D:4      | Reached skill level 7 in Fighting
  4317 | D:4      | Reached skill level 1 in Armour
  4419 | D:5      | Entered Level 5 of the Dungeon
  4448 | D:5      | Found a glowing drain.
  4462 | Sewer    | Entered a sewer
  4562 | Sewer    | Reached XP level 7. HP: 57/66 MP: 6/6
  4720 | Sewer    | Reached skill level 1 in Evocations
  5483 | D:5      | Reached XP level 8. HP: 11/73 MP: 7/7
  5939 | D:5      | Identified the +4 short sword "Hotoo" {vorpal, Int-4 SInv
                  | Stlth+}
  6091 | D:5      | Reached skill level 5 in Armour
  6192 | D:5      | Found a staircase to the Ecumenical Temple.
  6207 | Temple   | Entered the Ecumenical Temple
  6271 | Temple   | Became a worshipper of the Shining One
  6271 | Temple   | Reached * piety under the Shining One
  6271 | Temple   | Reached ** piety under the Shining One
  7288 | D:6      | Noticed Prince Ribbit
  7298 | D:6      | Killed Prince Ribbit
  7558 | D:6      | Reached skill level 10 in Maces & Flails
  7706 | D:6      | Reached XP level 9. HP: 77/79 MP: 8/8
  7986 | D:6      | Reached skill level 1 in Invocations
  8205 | D:6      | Found an ornate altar of the Wu Jian Council.
  8973 | D:7      | Found a stormy altar of Qazlal.
  9228 | D:7      | Learned a level 1 spell: Apportation
  9369 | D:7      | Reached skill level 5 in Dodging
  9413 | D:7      | Noticed a torpor snail
  9415 | D:7      | Found a snail-covered altar of Cheibriados.
  9415 | D:7      | Noticed a torpor snail
  9419 | D:7      | Noticed a torpor snail
 10716 | D:8      | Reached *** piety under the Shining One
 10992 | D:8      | Found a runed translucent door.
 10992 | D:8      | Found a shimmering altar of Xom.
 10992 | D:8      | Noticed a +0 whip of chaos
 10992 | D:8      | Noticed avis's ghost (novice DgTm)
 11585 | D:9      | Reached XP level 10. HP: 47/86 MP: 12/12
 11762 | D:8      | Reached skill level 5 in Invocations
 13088 | D:10     | Entered Level 10 of the Dungeon
 13088 | D:10     | Found Rurusiedgh's Jewellery Boutique.
 13089 | D:10     | Noticed a cyan ugly thing
 13098 | D:10     | Killed a cyan ugly thing
 13099 | D:10     | Reached skill level 8 in Fighting
 13324 | D:10     | Reached skill level 10 in Fighting
 13324 | D:10     | Reached XP level 11. HP: 101/101 MP: 13/16
 13598 | D:10     | Reached skill level 11 in Fighting
 13907 | D:11     | Reached XP level 12. HP: 110/110 MP: 17/17
 13915 | D:11     | Noticed Maurice
 13928 | D:11     | Killed Maurice
 14040 | D:11     | Reached **** piety under the Shining One
 14041 | D:11     | Found a runed translucent door.
 14230 | D:11     | Noticed a centaur warrior
 14260 | D:11     | Killed a centaur warrior
 14261 | D:11     | Reached skill level 12 in Fighting
 14261 | D:11     | Reached skill level 15 in Maces & Flails
 14368 | D:11     | Noticed a two-headed ogre
 14391 | D:11     | Killed a two-headed ogre
 14782 | D:11     | Identified the +3 tower shield of the Pleiades {Will+
                  | Dex+2}
 14920 | D:11     | Found a staircase to the Lair.
 14921 | D:11     | Noticed Nergalle
 14936 | D:11     | Killed Nergalle
 15065 | D:11     | Reached skill level 5 in Evocations
 15246 | D:12     | Found a staircase to the Orcish Mines.
 15271 | D:11     | Reached skill level 1 in Shields
 15295 | D:12     | Noticed a two-headed ogre
 15295 | D:12     | Reached ***** piety under the Shining One
 15300 | D:11     | Killed a two-headed ogre
 15357 | D:12     | Reached XP level 13. HP: 117/118 MP: 18/18
 15759 | D:11     | Reached skill level 5 in Shields
 15986 | D:12     | Noticed Sonja
 16000 | D:12     | Killed Sonja
 16045 | D:12     | Noticed Josephine
 16060 | D:12     | Killed Josephine
 16162 | D:12     | Found a corrupted altar of Lugonu.
 16245 | D:12     | Found a burning altar of Makhleb.
 16303 | D:12     | Reached skill level 10 in Invocations
 16823 | Lair:1   | Entered Level 1 of the Lair of Beasts
 17922 | Lair:2   | Found a runed translucent gate.
 17922 | Lair:2   | Found a runed translucent gate.
 17922 | Lair:2   | Found a runed translucent gate.
 17922 | Lair:2   | Noticed Fan Mut's ghost (journeyman GnFi)
 18553 | Lair:2   | Noticed Fannar
 18572 | Lair:2   | Killed Fannar
 19027 | Lair:3   | Identified Foalac's Papyrus of Harmful Venom
 19098 | Lair:3   | Reached XP level 14. HP: 121/126 MP: 21/21
 19198 | Lair:3   | Found a frozen archway.
 19225 | IceCv    | Entered an ice cave
 19278 | IceCv    | Reached ****** piety under the Shining One
 19841 | IceCv    | Found an ancient bone altar of Kikubaaqudgha.
 20289 | Lair:3   | Found a staircase to the Shoals.
 20817 | Lair:3   | Identified the +8 short sword of Jihev {flame, +Fly rC+
                  | Str+2 Dex+2}
 20914 | Lair:4   | Found a staircase to the Snake Pit.
 21011 | Lair:4   | Reached skill level 13 in Fighting
 22814 | Lair:5   | Reached skill level 14 in Fighting
 22852 | Lair:5   | Found a staircase to the Slime Pits.
 22873 | Lair:5   | Reached skill level 1 in Throwing
 23654 | Lair:4   | Identified the +3 quarterstaff "Xiycar" {vorpal, Will+
                  | Str+3}
 23919 | Orc:1    | Entered Level 1 of the Orcish Mines
 23919 | Orc:1    | Found Kaotim's General Store.
 23984 | Orc:1    | Noticed Urug
 23999 | Orc:1    | Killed Urug
 24007 | Orc:1    | Identified a +5 eveningstar of holy wrath (a +3 eveningstar
                  | blessed by the Shining One)
 24007 | Orc:1    | Received a gift from the Shining One
 24076 | Orc:1    | Found Ludedgh's Weapon Shoppe.
 24098 | Orc:1    | Found Neacoh's Magic Scroll Emporium.
 24110 | Orc:1    | Bought 16 sling bullets for 120 gold pieces
 24113 | Orc:1    | Found Azoyclak's Antique Armour Shop.
 24127 | Orc:1    | Bought a pair of crude gloves for 256 gold pieces
 24127 | Orc:1    | Identified the +1 pair of gloves of Insecurity {rElec
                  | Str+3} (You bought it in a shop on level 1 of the Orcish
                  | Mines)
 24181 | Orc:1    | Bought a scroll of identify for 28 gold pieces
 24181 | Orc:1    | Bought a scroll of identify for 28 gold pieces
 24203 | Orc:1    | Found Ynoegh's Antique Weapon Boutique.
 24424 | Orc:2    | Entered Level 2 of the Orcish Mines
 24424 | Orc:2    | Noticed Donald
 24437 | Orc:2    | Killed Donald
 24438 | Orc:2    | Reached XP level 15. HP: 88/138 MP: 23/23
 25335 | Orc:2    | Reached skill level 5 in Throwing
 25772 | Orc:2    | Found a staircase to the Elven Halls.
 26319 | Orc:2    | Found Lucuirgha's Antique Weapon Emporium.
 26319 | Orc:2    | Found Tuecioq's Armour Emporium.
 26320 | Orc:2    | Found Maunyra's General Store.
 26320 | Orc:2    | Found Zuj Hoz's Antique Weapon Emporium.
 26622 | Lair:6   | Entered Level 6 of the Lair of Beasts
 28510 | Orc:2    | Bought a +2 plate armour of poison resistance for 518 gold
                  | pieces
 28510 | Orc:2    | Bought 16 sling bullets for 112 gold pieces
 28733 | Elf:1    | Entered Level 1 of the Elven Halls
 28831 | Elf:1    | Found Gobba's Armour Boutique.
 29214 | Elf:1    | Reached XP level 16. HP: 93/147 MP: 25/25
 29397 | Elf:1    | Reached skill level 10 in Shields
 29433 | Elf:1    | Identified the +8 trident of Causality {vorpal, rC+}
 29615 | Elf:1    | Reached skill level 15 in Fighting
 29823 | Elf:1    | Found Eliusaz's Antique Weapon Boutique.
 29840 | Elf:1    | Bought a runed hand crossbow for 247 gold pieces
 30064 | D:10     | Bought the ring of Seoh Qunt {*Slow +Fly rPois Will+} for
                  | 373 gold pieces
 30604 | Elf:2    | Found a runed translucent door.
 30605 | Elf:2    | Noticed Foof's ghost (adept DsGl)
 30624 | Elf:2    | Killed Foof's ghost
 30626 | Elf:2    | Identified the +8 hand axe of Gosch {protect, *Drain +Fly
                  | Will+}
 30842 | Elf:2    | Found Kownit's Jewellery Emporium.
 30870 | Elf:2    | Found a runed translucent gate.
 30870 | Elf:2    | Found a runed translucent gate.
 30872 | Elf:2    | Found a runed translucent gate.
 31134 | Elf:2    | Reached skill level 16 in Fighting
 31477 | Elf:2    | Noticed a deep elf blademaster
 31488 | Elf:2    | Killed a deep elf blademaster
 31723 | Elf:3    | Entered Level 3 of the Elven Halls
 32160 | Elf:3    | Reached XP level 17. HP: 149/158 MP: 26/26
 32671 | Elf:3    | Reached skill level 15 in Shields
 32691 | Elf:3    | Reached skill level 10 in Armour
 32846 | Elf:3    | Identified the +10 falchion "Jaomyng" {freeze, rElec}
 32942 | Elf:3    | Noticed a deep elf blademaster
 32947 | Elf:3    | Noticed a deep elf master archer
 32954 | Elf:3    | Killed a deep elf blademaster
 32960 | Elf:3    | Identified the +6 chain mail "Qudwioju" {Regen+ Dex+3}
 32961 | Elf:3    | Killed a deep elf master archer
 33078 | Elf:3    | Identified the ring of Innyck {*Drain rElec rPois rN+}
 33082 | Elf:3    | Noticed a deep elf blademaster
 33095 | Elf:3    | Killed a deep elf blademaster
 33168 | Elf:3    | Identified the +8 triple sword of a Million Mystics {vamp,
                  | rPois}
 33604 | Elf:3    | Reached skill level 17 in Fighting
 33638 | Elf:3    | Noticed a deep elf master archer
 33647 | Elf:3    | Killed a deep elf master archer
 33788 | Elf:3    | Noticed a deep elf blademaster
 33812 | Elf:3    | Killed a deep elf blademaster
 33840 | Elf:3    | Noticed a deep elf blademaster
 33857 | Elf:3    | Killed a deep elf blademaster
 33934 | Elf:3    | Identified the +5 mace of the Pyrrhic Victory {antimagic,
                  | rF++ rC++ Int+3}
 33949 | Elf:3    | Identified the ring of Lodulle {*Drain +Fly Str+6 Int+8}
 33956 | Elf:3    | Identified the +7 morningstar of Collusion {speed, rElec
                  | rF- rN+ Int+2}
 34527 | D:8      | Killed avis's ghost
 34655 | D:11     | Reached XP level 18. HP: 134/171 MP: 27/27
 34848 | Snake:1  | Entered Level 1 of the Snake Pit
 34887 | Snake:1  | Identified the ring of the Tempest {*Slow rCorr Str+9
                  | Int+4}
 34895 | Snake:1  | Reached skill level 18 in Fighting
 35564 | Snake:2  | Noticed Aizul
 35581 | Snake:2  | Killed Aizul
 35582 | Snake:2  | Reached skill level 10 in Dodging
 35770 | Snake:2  | Identified the +0 chain mail of Salvation {rF- Dex+5}
 35914 | Snake:2  | Reached skill level 10 in Evocations
 36957 | Snake:3  | Identified the +10 tower shield "Zuihaog" {rF+ Str+7}
 36957 | Snake:3  | Noticed Louise
 36960 | Snake:3  | Found a radiant altar of Vehumet.
 36972 | Snake:3  | Killed Louise
 37747 | Snake:3  | Found a runed translucent gate.
 37748 | Snake:3  | Found a runed translucent gate.
 37749 | Snake:3  | Found a runed translucent gate.
 37749 | Snake:3  | Noticed siradein's ghost (adept DrGl)
 37783 | Snake:3  | Killed siradein's ghost
 38057 | Snake:4  | Entered Level 4 of the Snake Pit
 38584 | Snake:4  | Found Legaatan's Assorted Antiques.
 39008 | Snake:4  | Reached XP level 19. HP: 154/179 MP: 28/28
 39262 | Snake:4  | Got a serpentine rune of Zot
 39777 | Lair:1   | Upgraded the game from 0.27-a0-577-ge2a43ba0c9 to
                  | 0.27-a0-592-g0306a34022
 39861 | Shoals:1 | Entered Level 1 of the Shoals
 40005 | Shoals:1 | Noticed Jorgrun
 40010 | Shoals:1 | Killed Jorgrun
 40129 | Shoals:1 | Reached skill level 1 in Crossbows
 40297 | Shoals:1 | Noticed Nikola
 40310 | Shoals:1 | Killed Nikola
 40715 | Shoals:2 | Reached skill level 5 in Crossbows
 40887 | Shoals:2 | Noticed Roxanne
 40901 | Shoals:2 | Killed Roxanne
 41565 | Shoals:3 | Found Koyrutul's Distillery.
 41636 | Shoals:3 | Noticed Kirke
 41644 | Shoals:3 | Killed Kirke
 41677 | Shoals:3 | Bought a potion of mutation for 152 gold pieces
 41677 | Shoals:3 | Bought a potion of cancellation for 152 gold pieces
 41677 | Shoals:3 | Bought a potion of heal wounds for 95 gold pieces
 41677 | Shoals:3 | Bought a potion of heal wounds for 95 gold pieces
 41677 | Shoals:3 | Bought a potion of heal wounds for 95 gold pieces
 41875 | Shoals:3 | Found Caoll's Weapon Boutique.
 42414 | Shoals:4 | Entered Level 4 of the Shoals
 42576 | Shoals:4 | Reached skill level 10 in Crossbows
 42771 | Shoals:4 | Identified the Almanac of Harmful Creation
 42829 | Shoals:4 | Reached XP level 20. HP: 175/187 MP: 23/29
 42868 | Shoals:4 | Got a barnacled rune of Zot
 42950 | Shoals:4 | Identified the +6 scale mail of Cyoq {rElec Str+6}
 42999 | Shoals:4 | Identified the +0 pair of gloves of Elyvilon's Esteem {Harm
                  | rC+ Str+6}
 43506 | Orc:1    | Bought a scroll of brand weapon for 280 gold pieces
 43702 | D:13     | Noticed Azrael
 43710 | D:13     | Killed Azrael
 44258 | D:13     | Found a glowing golden altar of the Shining One.
 44573 | D:14     | Found a transporter.
 44574 | D:14     | Found a transporter.
 44665 | D:14     | Found a gate to the Vaults.
 44712 | D:14     | Found Nygumnu's Magic Scroll Boutique.
 44788 | D:14     | Identified the +2 lajatang of Bedazzling Conscience
                  | {distort, +Rage Int+3}
 44788 | D:14     | Noticed Eteoggu's ghost (journeyman FoFi)
 44789 | D:14     | Found a one-way gate to the infinite horrors of the Abyss.
 44860 | D:14     | Found an ancient bone altar of Kikubaaqudgha.
 44879 | D:14     | Found a gate leading to a gauntlet.
 44888 | Gauntlet | Entered a Gauntlet
 44888 | Gauntlet | Found a transporter.
 44888 | Gauntlet | Found a transporter.
 44889 | Gauntlet | Found a transporter.
 44891 | Gauntlet | Found a transporter.
 44892 | Gauntlet | Found a transporter.
 44909 | Gauntlet | Found a transporter.
 44973 | Gauntlet | Found a transporter.
 44993 | Gauntlet | Found a transporter.
 44998 | Gauntlet | Found a transporter.
 45012 | Gauntlet | Found a transporter.
 45027 | Gauntlet | Found a transporter.
 45033 | Gauntlet | Found a transporter.
 45113 | Gauntlet | Identified the +1 hat "Jewnuj" {Harm}
 45140 | Gauntlet | Reached skill level 19 in Fighting
 45201 | Gauntlet | Identified the +7 war axe "Isyliolu" {holy, *Corrode Int+9}
 45201 | Gauntlet | Identified the +5 ring mail of Discretion {rPois}
 45225 | Gauntlet | Identified the Collected Works on the Torrid Glacier
 45508 | Lair:2   | Killed Fan Mut's ghost
 45669 | D:14     | Killed Eteoggu's ghost
 46305 | D:15     | Entered Level 15 of the Dungeon
 46617 | Orc:2    | Bought the +7 crystal plate armour of Negation {+Inv rElec
                  | Regen+ Slay+3} for 2232 gold pieces
 47388 | D:15     | Found a staircase to the Depths.
 47701 | Vaults:1 | Entered Level 1 of the Vaults
 47784 | Vaults:1 | You fall into a shaft and drop 1 floor!
 48045 | Vaults:2 | Noticed Jory
 48071 | Vaults:2 | Killed Jory
 48125 | Vaults:2 | Reached skill level 20 in Fighting
 48285 | Vaults:2 | Reached XP level 21. HP: 184/201 MP: 30/30
 48410 | Vaults:2 | Found Adituzil's Antique Armour Shoppe.
 48604 | Vaults:2 | Found a large runed translucent door.
 48604 | Vaults:2 | Found a large runed translucent door.
 48604 | Vaults:2 | Noticed Droegar's ghost (adept MiBe)
 48623 | Vaults:2 | Killed Droegar's ghost
 48753 | Vaults:2 | You fall into a shaft and drop 1 floor!
 48886 | Vaults:3 | Found a bloodstained altar of Trog.
 49304 | Vaults:1 | Noticed Saint Roka
 49319 | Vaults:1 | Killed Saint Roka
 49480 | Vaults:1 | Reached skill level 15 in Invocations
 49749 | Vaults:1 | Found Maoseuh's Antique Weapon Boutique.
 49753 | Vaults:1 | Bought a glowing hunting sling for 162 gold pieces
 49855 | Vaults:1 | Identified the +1 pair of gloves "Tyucsyl" {rPois rCorr
                  | Str+5}
 50758 | Vaults:2 | Found a staircase to the Crypt.
 50928 | Vaults:3 | You fall into a shaft and drop 1 floor!
 51286 | Vaults:4 | Reached skill level 15 in Armour
 51436 | Vaults:3 | You fall into a shaft and drop 1 floor!
 51578 | Vaults:3 | Reached XP level 22. HP: 209/209 MP: 33/33
 51646 | Vaults:3 | Identified the +0 ring mail "Posut" {rC+}
 51742 | Vaults:3 | Found a runed translucent gate.
 51742 | Vaults:3 | Found a runed translucent gate.
 51742 | Vaults:3 | Found a runed translucent gate.
 51742 | Vaults:3 | Noticed HilariousDeathArtist's ghost (adept CeWn)
 51742 | Vaults:3 | Noticed Kipt's ghost (adept SpFE)
 51743 | Vaults:3 | Noticed Xeazanigh's ghost (adept DsGl)
 51743 | Vaults:3 | Noticed Angmar's ghost (veteran DrAE)
 51743 | Vaults:3 | Noticed astronautguy's ghost (master FoEE)
 51754 | Vaults:3 | Killed Kipt's ghost
 51761 | Vaults:3 | Killed Angmar's ghost
 51765 | Vaults:3 | Killed Xeazanigh's ghost
 51791 | Vaults:3 | Killed astronautguy's ghost
 51805 | Vaults:3 | Killed HilariousDeathArtist's ghost
 52511 | Vaults:3 | Learned a level 3 spell: Portal Projectile
 54020 | Elf:2    | Bought a ring of protection from cold for 475 gold pieces
 54326 | Slime:1  | Entered Level 1 of the Pits of Slime
 54335 | Slime:1  | Gained mutation: You are frail. (-10% HP) [a shining eye]
 54337 | Slime:1  | Gained mutation: Your magical capacity is low. (-10% MP) [a
                  | shining eye]
 54370 | Slime:1  | Gained mutation: You are dopey. (Int -2) [a shining eye]
 54374 | Lair:5   | Gained mutation: You are weak. (Str -2) [a shining eye]
 54898 | Slime:2  | Gained mutation: You are very weak. (Str -4) [a shining
                  | eye]
 54993 | Slime:2  | Gained mutation: You are very dopey. (Int -4) [a shining
                  | eye]
 55367 | Slime:4  | Reached XP level 23. HP: 144/194 MP: 0/31
 55860 | Slime:5  | Entered Level 5 of the Pits of Slime
 56104 | Slime:5  | Noticed the Royal Jelly
 56113 | Slime:5  | Killed the Royal Jelly
 56307 | Slime:5  | Reached skill level 21 in Fighting
 56604 | Slime:5  | Found the amulet of the Air {Inacc +Fly rElec EV+5 RMsl}
 56638 | Slime:5  | Identified the +0 hunting sling "Iravekk" {speed, rElec
                  | SInv}
 56653 | Slime:5  | Identified the +4 mace "Cupsui" {drain, rF+ rC+ Str-3
                  | Int+7}
 56680 | Slime:5  | Identified the Grimoire of Ghastly Flames
 56687 | Slime:5  | Identified the ring "Ytueq" {+Fly rPois Dex-4 Stlth+}
 56738 | Slime:5  | Identified the +8 executioner's axe of the Well-Known
                  | Demons {flame, *Noise rPois rC++ Str+2}
 57382 | Slime:5  | Got a slimy rune of Zot
 57835 | Lair:1   | Upgraded the game from 0.27-a0-592-g0306a34022 to
                  | 0.27-a0-597-g524d869a0f
 57960 | Depths:1 | Entered Level 1 of the Depths
 58477 | Depths:1 | Reached skill level 15 in Dodging
 58770 | Depths:1 | Found a gateway to Hell.
 58977 | Depths:1 | Found Xetouf's Jewellery Shop.
 58977 | Depths:1 | Found Horuggacs's Book Shoppe.
 58993 | Depths:1 | Found Litrarr's Jewellery Shop.
 59114 | Depths:2 | Found a one-way gate leading to the halls of Pandemonium.
 59180 | Depths:2 | Found a broken altar of Ashenzari.
 59204 | Depths:2 | You fall into a shaft and drop 1 floor!
 59229 | Depths:3 | Reached skill level 22 in Fighting
 59239 | Depths:3 | Found a gateway to a ziggurat.
 59374 | Depths:3 | Found a magical portal.
 59407 | WizLab   | Entered The Chambers of the Cloud Mage
 59917 | WizLab   | Reached XP level 24. HP: 206/207 MP: 31/31
 60093 | WizLab   | Found the +12 glaive of Prune {vorpal}
 60118 | WizLab   | Identified the Reference Book on Air
 60123 | WizLab   | Identified the ring of the Devil's Team {+Fly Int+5}
 60271 | Depths:3 | Found Tamnak's Antique Weapon Boutique.
 60856 | Depths:3 | Gained mutation: You are agile. (Dex +2) [a neqoxec]
 61763 | Lair:1   | Lost mutation: You are frail. (-10% HP) [potion of
                  | mutation]
 61763 | Lair:1   | Lost mutation: Your magical capacity is low. (-10% MP)
                  | [potion of mutation]
 61763 | Lair:1   | Gained mutation: Your flesh is cold resistant. (rC+)
                  | [potion of mutation]
 61764 | Lair:1   | Lost mutation: You are very dopey. (Int -4) [potion of
                  | mutation]
 61764 | Lair:1   | Lost mutation: You are very weak. (Str -4) [potion of
                  | mutation]
 61764 | Lair:1   | Lost mutation: You are weak. (Str -2) [potion of mutation]
 61764 | Lair:1   | Lost mutation: Your flesh is cold resistant. (rC+) [potion
                  | of mutation]
 61764 | Lair:1   | Gained mutation: You have a somewhat thin skeletal
                  | structure. (Dex +2, Stealth) [potion of mutation]
 61764 | Lair:1   | Gained mutation: You are somewhat resistant to further
                  | mutation. [potion of mutation]
 62250 | Depths:2 | Identified the Volume of Evil Secrets
 63096 | Depths:4 | Noticed Boris
 63097 | Depths:4 | Reached skill level 1 in Translocations
 63100 | Depths:4 | Killed Boris
 63101 | Depths:4 | Reached skill level 1 in Spellcasting
 63101 | Depths:4 | Reached skill level 1 in Hexes
 63319 | Depths:4 | Found a transporter.
 63345 | Depths:4 | Found Oxuryv's Antique Weapon Boutique.
 63351 | Depths:4 | Found Nynalan's Antique Armour Shop.
 63353 | Depths:4 | Found Nuomnuic's Armour Boutique.
 63367 | Depths:4 | Bought a glowing hunting sling for 153 gold pieces
 63654 | Depths:4 | Found a transporter.
 64477 | Depths:4 | Identified the ring "Vuemnash" {rF+ rC+ Int+2 Dex-3}
 64487 | Depths:4 | Identified the ring "Huryme" {rElec rF+ rN+ Will+ rCorr}
 64515 | Depths:5 | Entered Level 5 of the Depths
 64536 | Depths:5 | Found a runed translucent door.
 64809 | Depths:5 | Noticed Zoudwusmoff's ghost (adept HaHu)
 64915 | Depths:5 | Noticed a dread lich
 64917 | Depths:5 | Found a runed translucent door.
 64934 | Depths:5 | Reached XP level 25. HP: 238/238 MP: 35/35
 64952 | Depths:5 | Killed Zoudwusmoff's ghost
 64980 | Depths:5 | Killed a dread lich
 65291 | Depths:5 | Reached skill level 5 in Translocations
 65319 | Depths:5 | Found a gate to the Realm of Zot.
 66376 | Vaults:5 | Entered Level 5 of the Vaults
 66380 | Vaults:5 | Reached skill level 5 in Hexes
 66424 | Vaults:4 | Reached skill level 5 in Spellcasting
 66458 | Vaults:5 | Identified the ring of Law {rC+ MP+9 AC+4}
 66524 | Vaults:5 | Noticed Bai Suzhen
 66764 | Vaults:5 | Noticed an ancient lich
 66774 | Vaults:4 | Killed Bai Suzhen
 66892 | Vaults:4 | Killed an ancient lich
 67295 | Vaults:5 | Paralysed by a sphinx for 3 turns
 67300 | Vaults:5 | Reached XP level 26. HP: 169/246 MP: 30/35
 67807 | Vaults:5 | Identified the +5 rapier of Okawaru's Benevolence {flame,
                  | +Inv rElec rC+ Int-3}
 67826 | Vaults:5 | Identified the amulet of Music {Spirit Will+}
 68023 | Vaults:5 | Identified the +10 trident "Grim" {freeze, rPois Int+6}
 68030 | Vaults:5 | Got a silver rune of Zot
 68660 | Vaults:5 | Identified the Compendium of Beguiling
 68666 | Vaults:5 | Identified the +3 ring mail of Refuge {Will+ Regen+ Slay+2}
 69175 | Shoals:3 | Bought a potion of ambrosia for 152 gold pieces
 69518 | Zot:1    | Entered Level 1 of the Realm of Zot
 69535 | Zot:1    | Found a transporter.
 69537 | Zot:1    | Noticed an ancient lich
 69538 | Zot:1    | Noticed garrulousMonolith's ghost (master HOFi)
 69539 | Zot:1    | Found a transporter.
 69957 | Zot:1    | Killed an ancient lich
 70002 | Zot:1    | Killed garrulousMonolith's ghost
 70003 | Zot:1    | Reached skill level 10 in Translocations
 70803 | Zot:1    | Identified the +5 flail "Ogre's Death Toll" {pain, rElec
                  | rPois}
 71224 | Zot:2    | Noticed an orb of fire
 71243 | Zot:2    | Killed an orb of fire
 71258 | Zot:2    | Reached skill level 10 in Hexes
 71258 | Zot:2    | Reached XP level 27. HP: 77/254 MP: 24/35
 71452 | Zot:2    | You fall into a shaft and drop 2 floors!
 71561 | Zot:2    | Found a stormy altar of Qazlal.
 71561 | Zot:2    | Noticed an ancient lich
 71567 | Zot:2    | Killed an ancient lich
 74045 | Hell     | Entered the Vestibule of Hell
 74046 | Hell     | Noticed Geryon
 74062 | Hell     | Killed Geryon
 74114 | Hell     | Found a gateway to the decaying netherworld of Tartarus.
 74344 | Hell     | Found a gateway to the Iron City of Dis.
 74432 | Hell     | Found a gateway to the ashen valley of Gehenna.
 74930 | Depths:1 | Bought a book of Minor Magic for 240 gold pieces
 74933 | Depths:1 | Learned a level 2 spell: Blink
 75105 | D:14     | Voluntarily entered the Abyss.
 75173 | Abyss:1  | Reached skill level 10 in Spellcasting
 76221 | Abyss:3  | Found a corrupted altar of Lugonu.
 76541 | Abyss:3  | Reached skill level 23 in Fighting
 76567 | Abyss:3  | Paralysed by accursed screaming for 1 turns
 76883 | Abyss:3  | Reached skill level 24 in Fighting
 77059 | Abyss:3  | Identified the +11 glaive of Exceptional Absolution {flame,
                  | Fragile rN+++ Will- Dex+6}
 77570 | Abyss:3  | Found a corrupted altar of Lugonu.
 78100 | Abyss:3  | Paralysed by accursed screaming for 2 turns
 78419 | Abyss:3  | Identified the ring "Sacuz" {*Contam +Fly rN+++ Int+6 SInv}
 78631 | Abyss:3  | Noticed a dread lich
 78646 | Abyss:3  | Killed a dread lich
 78688 | Abyss:3  | Got an abyssal rune of Zot
 78795 | Abyss:3  | Found a shimmering blue altar of Sif Muna.
 79660 | Abyss:3  | Identified the +3 leather armour "Yrifuf" {Int+3}
 79690 | Abyss:3  | Paralysed by accursed screaming for 1 turns
 80225 | Abyss:3  | Lost intelligence.
 80286 | D:14     | Escaped the Abyss
 80711 | Crypt:1  | Entered Level 1 of the Crypt
 80839 | Crypt:1  | Found a burning altar of Makhleb.
 80850 | Crypt:1  | Found a glowing golden altar of the Shining One.
 81783 | Crypt:2  | Reached skill level 15 in Evocations
 81917 | Crypt:2  | Identified the +0 hunting sling "Hohej" {venom, rPois rN++
                  | Will+}
 82227 | Crypt:3  | Entered Level 3 of the Crypt
 82357 | Crypt:3  | Reached skill level 25 in Fighting
 82699 | Crypt:3  | Found a basalt altar of Yredelemnul.
 82700 | Crypt:3  | Noticed a dread lich
 82714 | Crypt:3  | Killed a dread lich
 82751 | Crypt:3  | Found the +7 sceptre of Torment {pain, torment}
 82755 | Crypt:3  | Identified the ring of the Centipede {*Contam rN+ Str+7
                  | SInv}
 82755 | Crypt:3  | Identified the ring "Vitt" {rN+ Str+2 Dex-5 Stlth+}
 82755 | Crypt:3  | Identified the ring "Luweudan" {rC++ rN+ Str+6 Slay-2}
 83361 | Pan      | Entered Pandemonium
 83442 | Pan      | Found a runed translucent door.
 84241 | Pan      | Found an exit through the horrors of the Abyss.
 84536 | Pan      | Noticed Oxo Fad the pandemonium lord
 84546 | Pan      | Killed Oxo Fad the pandemonium lord
 84571 | Pan      | Identified the amulet "Iblunkaa" {Acrobat rF+}
 85062 | Pan      | Reached skill level 26 in Fighting
 85176 | Pan      | Found a runed translucent door.
 85189 | Pan      | Found a runed translucent door.
 85193 | Pan      | Found a runed translucent door.
 85195 | Pan      | Noticed Eskizata the pandemonium lord
 85205 | Pan      | Killed Eskizata the pandemonium lord
 85233 | Pan      | Found a runed translucent door.
 85300 | Pan      | Identified the ring "Vemohy" {rN+ rCorr Str+4 Stlth+}
 85897 | Pan      | Found a runed translucent door.
 85924 | Pan      | Found a runed translucent door.
 85930 | Pan      | Found a runed translucent door.
 85932 | Pan      | Noticed Hooshot the pandemonium lord
 85947 | Pan      | Killed Hooshot the pandemonium lord
 85992 | Pan      | Found a runed translucent door.
 87134 | Pan      | Found an exit through the horrors of the Abyss.
 87306 | Pan      | Gained mutation: You are frail. (-10% HP) [a cacodemon]
 87358 | Pan      | Noticed Ibomios the pandemonium lord
 87363 | Pan      | Killed Ibomios the pandemonium lord
 87828 | Pan      | Noticed Zastiaso the pandemonium lord
 87843 | Pan      | Killed Zastiaso the pandemonium lord
 88277 | Pan      | Found an exit through the horrors of the Abyss.
 88695 | Pan      | Noticed Quebirr the pandemonium lord
 88710 | Pan      | Killed Quebirr the pandemonium lord
 88924 | Pan      | Identified the +6 fustibalus of Ziec Ineqant {freeze, rElec
                  | Will+}
 89624 | Pan      | Lost mutation: You are dopey. (Int -2) [a cacodemon]
 89634 | Pan      | Noticed Peha the pandemonium lord
 89652 | Pan      | Killed Peha the pandemonium lord
 89720 | Pan      | Identified a scroll of acquirement
 89721 | Pan      | Acquired 949 gold pieces
 90455 | Pan      | Entered the realm of Lom Lobon.
 91069 | Pan      | Noticed Lom Lobon
 91089 | Pan      | Killed Lom Lobon
 91208 | Pan      | Got a magical rune of Zot
 91869 | Pan      | Noticed Qouq the pandemonium lord
 91876 | Pan      | Killed Qouq the pandemonium lord
 92142 | Pan      | Found an exit through the horrors of the Abyss.
 92799 | Pan      | Noticed Gehilat the pandemonium lord
 92848 | Pan      | Killed Gehilat the pandemonium lord
 94346 | Pan      | Noticed Tidips the pandemonium lord
 94356 | Pan      | Killed Tidips the pandemonium lord
 94700 | Pan      | Entered the realm of Cerebov.
 94704 | Pan      | Got a fiery rune of Zot
 94728 | Pan      | Found the +6 sword of Cerebov {flame}
 94728 | Pan      | Noticed Cerebov
 95022 | Pan      | Found an exit through the horrors of the Abyss.
 95325 | Pan      | Killed Cerebov
 95471 | Pan      | Identified the +5 great sword "Ycrira" {venom, rElec Dex+2}
 95487 | Pan      | Learned a level 4 spell: Manifold Assault
 95540 | Pan      | Identified the +9 mace of Zavvoinn {vorpal, +Inv rPois}
 95540 | Pan      | Identified the ring of Wasiaruo {*Corrode rElec rC++ Will+}
 95592 | Pan      | Identified the Almanac of Supportive Bewitchment
 95607 | Pan      | Identified the +7 plate armour "Konano" {rPois rN+ Str+3
                  | Dex-4}
 96427 | Pan      | Noticed Pyaharoo the pandemonium lord
 96435 | Pan      | Killed Pyaharoo the pandemonium lord
 96452 | Pan      | Identified the +6 long sword of Reehuw {holy, rElec Will+}
 97550 | Pan      | Found a runed translucent door.
 97553 | Pan      | Found a runed translucent door.
 97553 | Pan      | Found a runed translucent door.
 97553 | Pan      | Noticed Hiomm the pandemonium lord
 97565 | Pan      | Found a runed translucent door.
 97570 | Pan      | Killed Hiomm the pandemonium lord
 97609 | Pan      | Gained mutation: Scrolls take you a little longer to read.
                  | [a neqoxec]
 97679 | Pan      | Found an exit through the horrors of the Abyss.
 97873 | Pan      | Entered the realm of Gloorx Vloq.
 97944 | Pan      | Found an exit through the horrors of the Abyss.
 98408 | Pan      | Noticed Gloorx Vloq
 98424 | Pan      | Engulfed by Gloorx Vloq's foul pestilence

Illustrated notes

Levels and vault maps discovered:
D:1:      dpeg_arrival_castle, layout_loops_ring
D:2:      layout_rooms, serial_forest, infiniplex_forest_lined_room_3,
          infiniplex_forest_straight_3, infiniplex_forest_end_2,
          infiniplex_forest_zigzag_2, infiniplex_forest_lined_2,
          infiniplex_forest_clump_diagonal, infiniplex_forest_end_2,
          infiniplex_forest_clump_curved, feat_on_display
D:3:      layout_basic, marbit_many_paths, kennysheep_flooded_box
D:4:      layout_basic, minmay_vboxes, uniq_blork_the_orc
D:5:      layout_basic, temple_fountains, portal_sewer_entry_d
D:6:      layout_layer_cave, lemuel_round_altar, minmay_misc_feat_columns,
          uniq_prince_ribbit1
D:7:      layout_rooms, old_standard_altar, cheibriados_altar_2,
          serial_co_window_serial, co_window_paths_a, co_window_paths_b,
          co_window_paths_a, co_window_corner_a, co_window_paths_a,
          co_window_corner_a, co_window_paths_b, co_window_corner_cb,
          co_window_broadway_c, co_window_corner_b, co_window_unsneaky_path_e,
          co_window_sun, glass_columns_a, glass_columns_b, glass_columns_a,
          glass_columns_c
D:8:      layout_cave_pods, ebering_ghost_xom
D:9:      layout_grid_maze
D:10:     layout_rooms, serial_shops, shop
D:11:     cheibrodos_ideogram_h, layout_irregular_city,
          due_lair_maze_entry_diamond, lightli_church_of_beogh, uniq_nergalle,
          uniq_maurice
D:12:     layout_long_grid, minmay_orc_entry_guard_dogs, basic_altar,
          lemuel_hellish_altar, uniq_sonja, uniq_josephine
D:13:     cheibrodos_magma_flow, layout_long_grid, minmay_misc_feat_encased,
          nicolae_tso_carved_into_rock, uniq_azrael
D:14:     layout_loops_ring, grunt_vaults_entry_fortified,
          gammafunk_ghost_abyssal_escape, gauntlet_entry_generic, serial_shops,
          nicolae_shop_trees, nicolae_kikubaaqudgha_miasma_corner
D:15:     gammafunk_enter_depths_forms, layout_gridville,
          palyth_stone_intersect, minmay_tree_intersection
Temple:   regret_index_temple_mists
Lair:1:   layout_chaotic_city, nzn_sisyphean_effort, serial_bayou_shore_a,
          infiniplex_staircase_pool_2, lemuel_fruit_tree
Lair:2:   layout_cave_pods, ebering_ghost_rock_garden, grunt_megastairs_3,
          uniq_fannar
Lair:3:   layout_roguey, elwin_shoals_entry_rocks,
          portal_ice_cave_entry_ice_beasts, lemuel_fruit_fields,
          grunt_megastairs_5, serial_bayou_shore_b
Lair:4:   layout_cave_pods, minmay_snake_entry_guardpost_medium,
          infiniplex_staircase_pool, minmay_lair_oklob_chamber,
          serial_bayou_shore_b
Lair:5:   layout_layer_cave, minmay_slime_entry_pillars,
          chequers_serial_rivers_micro_c, serial_bayou_shore_b
Lair:6:   minmay_lair_end_enchanted_forest, layout_regular_city,
          grunt_megastairs_2, lemuel_fruit_fields
Shoals:1: layout_shoals, uniq_jorgrun, uniq_nikola
Shoals:2: layout_shoals, uniq_roxanne
Shoals:3: layout_shoals, serial_shops, shop_fountains, shop, overgrown_hall,
          uniq_kirke
Shoals:4: shoals_end_simple, layout_shoals
Snake:1:  layout_rooms
Snake:2:  layout_chambers, grunt_ministairs_6, uniq_aizul
Snake:3:  layout_basic, ebering_ghost_rock_garden, basic_altar, uniq_louise
Snake:4:  snake_pit_salamanders_mu, layout_gridlike, serial_shops,
          nicolae_shop_statue_plus
Slime:1:  layout_caves
Slime:2:  layout_caves, nicolae_slime_welcoming_committee
Slime:3:  layout_caves, cheibrodos_slime_lost_civilization_6
Slime:4:  layout_caves
Slime:5
Orc:1:    layout_caves, serial_shops, nicolae_shop_waterfront, shop, shop, shop,
          nicolae_shop_crystal, uniq_urug
Orc:2:    st_orc_pillars, layout_caves, sword_in_stone, uniq_donald
Elf:1:    layout_loops_corners, serial_shops, nicolae_shop_window_shopping,
          shop, hangedman_elven_crosses_minicolossus, grunt_ministairs_4,
          minmay_checkered_concentric_circles
Elf:2:    layout_geoelf_diagonals, gammafunk_ghost_grave, serial_shops,
          nicolae_shop_stone, library_closet, grunt_ministairs_2
Elf:3:    nooodl_elf_gasket, layout_onion_city, grunt_ministairs_9,
          hangedman_elven_ridges
Vaults:1: dpeg_vaults_waves, hangedman_vaults_restitches,
          nicolae_vaults_diagonal_hallway_9, nicolae_vaults_hallways_thing,
          v_misc_9, vaults_room_octagon, v_misc_28, v_misc_2,
          grunt_vaults_funnel, v_misc_25, vaults_room_door_hall,
          layout_vaults_ring, serial_shops, shop, uniq_saint_roka
Vaults:2: advil_vaults_ghost_guards, minmay_crypt_entry_skeletal_spiral,
          ontoclasm_vaults_decontamination, hangedman_vaults_river_flow,
          nicolae_vaults_alarming, vaults_mumra_chevron, v_misc_15,
          nicolae_vaults_display_case, nicolae_vaults_specimen_jars,
          vaults_dpeg_ring, layout_vaults_chaotic_city, serial_shops,
          shop_fountains, uniq_jory
Vaults:3: gammafunk_vaults_ghost_cemetery, nicolae_vaults_diagonal_hallway_9,
          st_lines, v_alt_pattern_2, nicolae_vaults_mini_display_case,
          ontoclasm_vaults_fault, v_alt_pattern_4, nicolae_vaults_asterisk,
          hangedman_vaults_corner_blocks, serial_ice_h,
          nicolae_vaults_border_crossing, vaults_room_fours,
          vaults_room_door_hall, layout_vaults_omnicross, basic_altar
Vaults:4: nicolae_vaults_murderbox, hangedman_vaults_slice,
          nicolae_vaults_network_quinsquares
          [nicolae_vaults_network_quincunx_subvault,
          nicolae_vaults_network_quincunx_subvault,
          nicolae_vaults_network_quincunx_subvault,
          nicolae_vaults_network_quincunx_subvault], hangedman_vaults_capsules,
          vaults_room_stairs_pillars, vaults_dpeg_hooks,
          vaults_dpeg_encased_lava, layout_vaults_omnigrid
Vaults:5: uniq_bai_suzhen
Crypt:1:  layout_regular_city, nzn_life_drinkers, grunt_crypt_arrival_split
Crypt:2:  layout_gridlike, serial_glass, glass_columns_c, glass_columns_c
Crypt:3:  cryptofortress_bobbens, uniq_xtahua, uniq_mennas
Depths:1: layout_cave_pools, abyss_entry, lightli_too_deep,
          chequers_serial_rivers_micro_a, minmay_fractal_squares_diagonal_5,
          minmay_shop_grove, grunt_megastairs_1
Depths:2: nzn_winding_woodlands_cross [nzn_winding_woodlands_5x15_split_checker,
          nzn_winding_woodlands_5x15_longhouse, nzn_winding_woodlands_5x15_eye,
          nzn_winding_woodlands_5x15_sawtooth,
          nzn_winding_woodlands_15x15_boxy_spiral], layout_cave_pools,
          pan_entry, hell_entry, minmay_misc_feat_enclosed,
          nicolae_ashenzari_panopticon, serial_bayou_shore_b
Depths:3: minmay_tri_box, layout_gridlike, enter_ziggurat_e,
          rand_demon_pan_entry_3, abyss_entry, infiniplex_staircase_zigzag_2,
          serial_shops, nicolae_shop_crystal, hell_entry, mu_enter_wizlab_2,
          serial_bayou_shore_b
Depths:4: gammafunk_its_a_trap, layout_cave_shapes, abyss_entry, hell_entry,
          grunt_pan_entry_sceptre, kennysheep_minor_cross, minmay_shop_star,
          infiniplex_staircase_hallway_doors, uniq_boris
Depths:5: evilmike_zot_entry_round, layout_cave_shapes,
          muffindrake_ghost_dual_entry, serial_rivers,
          chequers_serial_rivers_micro_b, chequers_serial_rivers_small_b,
          chequers_serial_rivers_micro_a, chequers_serial_rivers_micro_c,
          hangedman_coc_ice_floe, lemuel_flamethrower_3
Hell
Zot:1:    layout_basic, gammafunk_ghost_mausoleum, zot_minivault_5,
          grunt_megastairs_4
Zot:2:    regret_index_qazlal_generations, layout_basic
Zot:3:    layout_misc_corridors
Zot:4:    layout_onion, hangedman_elemental_corridor
Pan:      rand_demon_9, layout_pan_divisions_a [pan_division_quadrant_a3,
          pan_division_quadrant_a6, pan_division_quadrant_a3,
          pan_division_quadrant_a6, pan_division_octagon_box],
          evilmike_mini_pan_V, layout_chambers, pan_blood_fountain_small,
          rand_demon_7, layout_pan_divisions_a [pan_division_quadrant_a1,
          pan_division_quadrant_a6, pan_division_quadrant_a4,
          pan_division_quadrant_a4, pan_division_octagon_rings], rand_demon_7,
          layout_irregular_city, pan_blood_fountain, nicolae_pan_strange_glyphs
          [nicolae_pan_strange_glyph_disappointment,
          nicolae_pan_strange_glyph_disgust, nicolae_pan_strange_glyph_despair,
          nicolae_pan_strange_glyph_humiliation], pan_surprise,
          grunt_pan_zigzag, layout_small_grid, nicolae_pan_cerebovesque_3,
          evilmike_mini_pan_T, layout_irregular_city, pan_blood_fountain,
          reaverb_pan_squares, nicolae_pan_cerebovesque_3,
          evilmike_mini_pan_thingy, layout_rooms,
          evilmike_mini_pan_possible_glass, layout_stronghold,
          pan_blood_fountain, lom_lobon_spiral_st, layout_pan_divisions_b
          [pan_division_quadrant_b4, pan_division_quadrant_b6,
          pan_division_quadrant_b2, pan_division_quadrant_b3],
          nicolae_pan_sigil_eeng, evilmike_mini_pan_corner, layout_gridlike,
          rand_demon_5, layout_long_grid, rand_demon_4, layout_long_grid,
          pan_blood_fountain_small, cerebov, layout_rooms, rand_demon_4,
          layout_pan_divisions_a [pan_division_quadrant_a2,
          pan_division_quadrant_a4, pan_division_quadrant_a3,
          pan_division_quadrant_a3, pan_division_octagon_empty], rand_demon_7,
          layout_cellular_growth, nicolae_pan_lom_lobonic_3, gloorx_vloq,
          layout_irregular_city, nicolae_pan_sigil_obb

Skill      XL: |  1  2  3  4  5  6  7  8  9 10 11 12 13 14 15 16 17 18 19 20 21 22 23 24 25 26 27 |
---------------+----------------------------------------------------------------------------------+-----
Fighting       | 4 5 6 7 10 11 12 14 16 17 18 20 22 26 | 26.0
Maces & Flails | 4 5 6 7 8 10 11 13 14 15 16 20 | 20.0
Armour         | 1 3 7 9 12 13 14 15 18 22 | 22.0
Evocations     | 2 3 5 9 12 14 17 | 17.8
Invocations    | 4 8 11 13 14 16 18 24 | 24.0
Dodging        | 6 7 9 12 16 18 22 | 22.0
Shields        | 2 8 9 14 15 16 18 20 25 | 25.0
Throwing       | 3 7 9 |  9.0
Crossbows      | 10 | 10.0
Translocations | 4 8 10 12 | 12.0
Spellcasting   | 3 6 9 10 | 10.0
Hexes          | 3 7 10 13 | 13.0
Stealth        | |  1.5

Action                   |  1- 3 |  4- 6 |  7- 9 | 10-12 | 13-15 | 16-18 | 19-21 | 22-24 | 25-27 || total
-------------------------+-------+-------+-------+-------+-------+-------+-------+-------+-------++-------
Melee: Mace              |    83 |   168 |   268 |       |       |       |       |       |       ||   519
       Headbutt          |     9 |    27 |    49 |    87 |   381 |   208 |   399 |   377 |  1339 ||  2876
       Morningstar       |       |       |    87 |   348 |   790 |       |       |       |       ||  1225
       Eveningstar       |       |       |       |       |   458 |   822 |  1191 |  1056 |  4194 ||  7721
       Hunting sling     |       |       |       |       |     9 |       |       |       |       ||     9
       Hand crossbow     |       |       |       |       |       |       |       |       |     1 ||     1
 Fire: Hand crossbow     |       |       |    45 |       |       |   273 |   414 |   460 |  1072 ||  2264
       Hunting sling     |       |       |    13 |    92 |   453 |    28 |       |       |       ||   586
Throw: Boomerang         |       |       |    36 |     4 |       |       |       |       |       ||    40
       Dart              |       |       |    22 |       |     9 |    10 |    10 |       |     2 ||    53
       Javelin           |       |       |     3 |       |     1 |       |       |       |       ||     4
 Cast: Portal Projectile |       |       |       |       |       |       |       |       |     2 ||     2
Invok: Cleansing Flame   |       |       |       |       |     1 |     3 |    12 |    20 |    66 ||   102
       Brand Weapon With |       |       |       |       |     1 |       |       |       |       ||     1
       Summon Divine War |       |       |       |       |       |     1 |       |       |     4 ||     5
       Divine Shield     |       |       |       |       |       |       |       |     1 |     2 ||     3
Evoke: Wand              |       |       |       |     2 |    33 |    18 |     1 |       |     7 ||    61
       Tin of tremorston |       |       |       |       |     4 |     6 |     9 |     3 |     3 ||    25
       Phial of floods   |       |       |       |       |       |       |     1 |     1 |     1 ||     3
       Box of beasts     |       |       |       |       |       |       |       |       |     1 ||     1
  Use: Scroll            |       |     8 |     8 |     6 |    11 |     4 |     6 |    12 |    17 ||    72
       Potion            |       |       |     2 |     3 |     1 |     1 |       |     5 |    13 ||    25
 Stab: Sleeping          |     2 |       |       |       |       |       |       |       |       ||     2
Armor: Robe              |    11 |       |       |       |       |       |       |       |       ||    11
       Scale mail        |       |    75 |    42 |       |       |       |       |       |       ||   117
       Skin              |       |       |    14 |       |       |       |       |       |       ||    14
       Chain mail        |       |       |    91 |   170 |   446 |    26 |   102 |       |       ||   835
       Plate armour      |       |       |       |       |    11 |   176 |    35 |       |       ||   222
       Crystal plate arm |       |       |       |       |       |       |    91 |   314 |   460 ||   865
       Gold dragon scale |       |       |       |       |       |       |       |    67 |   624 ||   691
Dodge: Dodged            |    34 |    64 |   131 |   188 |   348 |   236 |   287 |   258 |  1476 ||  3022
Block: Tower shield      |       |       |       |       |  1367 |   959 |  1699 |  1467 |  5674 || 11166

Table legend: (Time is in decaauts)
 A = Elapsed time spent in this place.
 B = Non-inter-level travel time spent in this place.
 C = Inter-level travel time spent in this place.
 D = Time resting spent in this place.
 E = Time spent auto-exploring this place.
 F = Levels seen in this place.
 G = Mean time per level.
                   A        B        C        D        E       F      G
               +--------+--------+--------+--------+--------+-----+--------+
         Total |  97953 |  87843 |  10110 |  11004 |  48131 |  81 | 1209.3 |
       Dungeon |  22305 |  18411 |   3894 |   3899 |  10218 |  15 | 1487.0 |
        Temple |    230 |    207 |     23 |      0 |    196 |   1 |  230.0 |
          Lair |  11001 |   9220 |   1781 |   1100 |   4156 |   6 | 1833.5 |
        Shoals |   3736 |   3366 |    370 |    137 |   1843 |   4 |  934.0 |
     Snake Pit |   4783 |   4617 |    166 |    337 |   3172 |   4 | 1195.8 |
    Slime Pits |   2850 |   2540 |    310 |    559 |   1218 |   5 |  570.0 |
  Orcish Mines |   3299 |   2495 |    804 |    354 |   1132 |   2 | 1649.5 |
   Elven Halls |   5098 |   4709 |    389 |    770 |   2438 |   3 | 1699.3 |
        Vaults |   8422 |   7388 |   1034 |    763 |   4322 |   5 | 1684.4 |
         Crypt |   2161 |   1932 |    229 |    100 |   1314 |   3 |  720.3 |
        Depths |   6481 |   5766 |    715 |    502 |   3583 |   5 | 1296.2 |
          Hell |    400 |    378 |     22 |      0 |    168 |   1 |  400.0 |
           Zot |   4364 |   3996 |    368 |    472 |   2297 |   4 | 1091.0 |
         Abyss |   4894 |   4894 |      0 |    319 |   2069 |   3 | 1631.3 |
   Pandemonium |  14593 |  14593 |      0 |   1050 |   9473 |  16 |  912.1 |
         Sewer |   1131 |   1131 |      0 |    279 |    311 |   1 | 1131.0 |
      Ice Cave |   1051 |   1051 |      0 |    153 |      2 |   1 | 1051.0 |
        Wizlab |    804 |    804 |      0 |    207 |    210 |   1 |  804.0 |
      Gauntlet |    344 |    344 |      0 |      0 |      4 |   1 |  344.0 |
               +--------+--------+--------+--------+--------+-----+--------+

Top non-repeatable levels by time:
 Abyss:3: 4329 daAuts
  Lair:1: 3432 daAuts
   Orc:2: 2513 daAuts
    D:11: 2396 daAuts
Vaults:4: 2373 daAuts
    D:12: 2312 daAuts
   Elf:3: 2231 daAuts
Vaults:3: 1822 daAuts
Vaults:2: 1821 daAuts
   Zot:1: 1738 daAuts
    D:14: 1737 daAuts
  Lair:4: 1730 daAuts
     D:9: 1695 daAuts
     D:5: 1660 daAuts
  Lair:6: 1654 daAuts
